 Dungeon Crawl Stone Soup version 0.29.1-15-g9cfb28693d (webtiles) character file.

Game seed: 12511500619352537391

106 pokedragonboy the Conjurer (level 4, -3/24 HPs)
             Began as a Deep Elf Conjurer on Mar 16, 2023.
             Slain by a river rat (9 damage)
             ... on level 2 of the Dungeon.
             The game lasted 00:05:50 (1829 turns).

pokedragonboy the Conjurer (Deep Elf Conjurer)      Turns: 1829, Time: 00:05:50

Health: -3/24      AC:  2    Str:  4    XL:     4   Next: 55%
Magic:  1/12       EV: 12    Int: 25    God:
Gold:   75         SH:  0    Dex: 13    Spells: 2/11 levels left

rFire   . . .      SeeInvis .   (no weapon)
rCold   . . .      Faith    .   (no shield)
rNeg    . . .      Spirit   .   a - +0 robe
rPois   .          Reflect  .   (no helmet)
rElec   .          Harm     .   (no cloak)
rCorr   .          Rampage  .   (no gloves)
Will    +....                   (no boots)
Stlth   ++........              (no amulet)
HPRegen 0.08/turn               n - ring of wizardry
MPRegen 0.13/turn               g - ring of willpower

@: no status effects
A: no striking features
a: no special abilities


You were on level 2 of the Dungeon.
You visited 1 branch of the dungeon, and saw 3 of its levels.

You collected 75 gold pieces.

Inventory:

Armour
 a - a +0 robe (worn)
Magical Staves
 i - a staff of poison
Jewellery
 c - a +6 ring of strength
 g - a ring of willpower (right hand)
 n - a ring of wizardry (left hand)
Scrolls
 d - 3 scrolls of poison
 e - a scroll of enchant armour {unknown}
 f - a scroll of teleportation {unknown}
 h - 3 scrolls of identify {unknown}
 j - 2 scrolls of immolation {unknown}
 l - a scroll of blinking {unknown}
 m - a scroll of fear {unknown}
Potions
 b - a potion of magic
 k - a potion of degeneration {unknown}


   Skills:
 - Level 2.4 Dodging
 - Level 2.4 Stealth
 + Level 4.4 Spellcasting
 + Level 5.2 Conjurations
 + Level 3.1 Hexes


You had 2 spell levels left.
You knew the following spells:

 Your Spells              Type           Power      Damage    Failure   Level
a - Magic Dart            Conj           100%       1d8       1%          1
b - Searing Ray           Conj           62%        2d6       1%          2
c - Fulminant Prism       Conj/Hex       13%        3d9       6%          4
m - Blink                 Tloc           10%        N/A       5%          2

Your spell library contained the following spells:

 Spells                   Type           Power      Damage    Failure   Level
 Shock                    Conj/Air       72%        1d7       1%          1
 Dazzling Flash           Conj/Hex       52%        N/A       1%          3
 Lesser Beckoning         Tloc           5%         N/A       11%         3
 Swiftness                Air            5%         N/A       11%         3
 Iskenderun's Mystic Bla  Conj/Tloc      18%        2d6       12%         4
 Airstrike                Air            2%         2d(1-17)  32%         4
 Manifold Assault         Tloc           5%         N/A       65%         5


Dungeon Overview and Level Annotations

Branches:
Dungeon (3/15)

Altars:

Shops:
D:2 [?


Message History

The river rat closely misses you. x2
The river rat attacks as you move away!
The river rat bites you but does no damage.
You hear a loud crackle.
Really attack while wielding nothing?
Okay, then.
Really attack while wielding nothing?
You closely miss the river rat.
The river rat is moderately wounded.
You hear an explosion!
You feel a bit more experienced. x2
The blast of energy engulfs the river rat!
You kill the river rat!
Unknown command.
Casting: Fulminant Prism (extremely dangerous; 6% risk of failure)
Confirm with . or Enter, or press ? or * to list all spells.
Aiming: Searing Ray (safe; 1% risk of failure)
Press: ? - help, Shift-Dir - straight line, f - river rat
Aim: a river rat (moderately wounded, 77% to hit)
The searing ray hits the river rat.
The river rat is heavily wounded. (Press . to maintain the ray.)
The river rat bites you. The river rat attacks as you move away!
The river rat bites you.
A kobold comes into view. It is wielding a +0 whip.
There is an escape hatch in the ceiling here.
The river rat bites you. A mysterious force pulls you upwards.
The hatch slams shut behind you.
Casting: Searing Ray (safe; 1% risk of failure)
Confirm with . or Enter, or press ? or * to list all spells.
Aiming: Magic Dart (safe; 1% risk of failure)
Press: ? - help, Shift-Dir - straight line, f - river rat
Aim: a river rat (moderately wounded, 100% to hit)
The magic dart hits the river rat but does no damage.
The river rat is moderately wounded.
The river rat misses you. The river rat attacks as you move away!
The river rat bites you.
* * * LOW HITPOINT WARNING * * *
The river rat attacks as you move away! The river rat bites you!
You die...

#..## #.............#
#######...##### ##.###.........#
.....##.......###..# #.........#
............).....####.........##
.....#.####'####.#.....###..<.###
.....#.#.......#......<######.##.
####.#.#.......#.#........[......
#.#.#..###..#r#...........#...
####..[#..#_'..#@###.##......#...
..####.#..###..#......#......#...
#..# #.#.......#.#.##........#...
##.###.#.......#...####......#...
#.....#########.### #......#.#.
#...............# #......#..#
#....<........#.# #......##..
#..........##.#.######......##..
###.###.######........####.##....


You could see a river rat.

Vanquished Creatures
  A gnoll (D:1)
  3 adders
  A river rat (D:3)
  4 worms
  A dart slug (D:2)
  An orc (D:3)
  5 endoplasms
  3 giant cockroaches
  6 goblins
  4 hobgoblins
  A jackal (D:2)
  3 ball pythons
  5 bats
  3 frilled lizards (D:1)
  7 rats
48 creatures vanquished.

Vanquished Creatures (others)
  A fulminant prism (D:3)
1 creature vanquished.

Grand Total: 49 creatures vanquished

Notes
Turn   | Place    | Note
-------+----------+-------------------------------------------
     0 | D:1      | pokedragonboy the Deep Elf Conjurer began the quest for the
                  | Orb.
     0 | D:1      | Reached XP level 1. HP: 10/10 MP: 6/6
   166 | D:1      | Reached skill level 1 in Hexes
   170 | D:1      | Reached XP level 2. HP: 15/15 MP: 1/8
   173 | D:1      | Learned a level 2 spell: Searing Ray
   176 | D:1      | Learned a level 2 spell: Blink
   669 | D:2      | Found Yxkiticw's Magic Scroll Shoppe.
   735 | D:2      | Reached XP level 3. HP: 19/19 MP: 6/10
   807 | D:2      | Found Maleofaq's Armour Shop.
  1082 | D:2      | Reached skill level 5 in Conjurations
  1165 | D:2      | Found a faded altar of an unknown god.
  1377 | D:2      | Reached XP level 4. HP: 24/24 MP: 8/12
  1784 | D:3      | Learned a level 4 spell: Fulminant Prism
  1829 | D:2      | Slain by a river rat

Illustrated notes

Levels and vault maps discovered:
D:1:      saegor_arrival_simple_e, layout_rooms, kennysheep_pointless_box
D:2:      layout_rooms, hellmonk_ecumenical_altar_inner_sanctum, serial_shops,
          shop_statue, shop, minmay_increasing_density
D:3:      layout_loops_ring, mainiacjoe_overflow_tiny_flanked,
          okawaru_altar_gauntlet_db, portal_sewer_entry_b, uniq_ijyb,
          uniq_natasha

Skill      XL: |  1  2  3  4 |
---------------+-------------+-----
Hexes          | 1 2 3 |  3.1
Spellcasting   | 4 |  4.4
Conjurations   | 5 |  5.2
Dodging        | |  2.4
Stealth        | |  2.4

Action                   |  1- 3 |  4- 6 || total
-------------------------+-------+-------++-------
Melee: Unarmed           |       |     1 ||     1
 Cast: Magic Dart        |    53 |     7 ||    60
       Searing Ray       |     6 |     6 ||    12
       Fulminant Prism   |       |     1 ||     1
  Use: Scroll            |     1 |       ||     1
Armor: Robe              |     2 |     1 ||     3
Dodge: Dodged            |       |     5 ||     5
